Match 46804987
Unlisted

Match 46804987
End
Kradschützen Motorcycle Team
250 Light Carrier
Selects Panzerjäger Kommand Battlegroup
250 Light Carrier
Construct Light Support Kompanie
Combat Half-tracks
Panzergrenadier Squad
Construct Mechanized Kompanie
Selects GrB 39 Grenade Launcher Requisition
Vehicle Survival Package
Assault Mechanized Group
Construct Panzerarmee Kommand
Assault Grenadier Squad
Selects Mine Fields
Selects Defensive Positions
Selects Early Warning
Selects Butterfly Bomb Drop
Panzerjäger Mechanized Group
Panzer III L Medium Tank
Rapid Advance
Emergency Repair Kits
Selects Crew Shock Tactics
Tungsten Core Ammunition
Panzer III L Medium Tank
Panzerjäger Mechanized Group
Panzer III L Medium Tank
Assault Grenadier Squad
Panzer III L Medium Tank
Selects Elefant Tank Destroyer
Crew Shock Tactics
Panzer III L Medium Tank
Panzer III L Medium Tank
JIEGER(节梅尔1
Vanne
A_Smoove
The_Honey_Bear
0
0

Comments sign in to comment!

No comments posted yet!